 Dungeon Crawl Stone Soup version 0.20.1-1-g8b1a95d (console) character file.

1533 hilaritas the Covert (level 8, -4/55 HPs)
             Began as a Felid Berserker on Nov 5, 2017.
             Was an Elder of Trog.
             Slain by Joseph
             ... wielding a +0 quarterstaff
              (14 damage)
             ... on level 7 of the Dungeon.
             The game lasted 00:13:49 (6197 turns).

hilaritas the Covert (Felid Berserker)              Turns: 6197, Time: 00:13:50

Health: -4/55      AC:  2    Str: 20    XL:     8   Next: 55%
Magic:  9/9        EV: 20    Int:  8    God:    Trog [****..]
Gold:   166        SH:  0    Dex: 16    Spells: 7/7 levels left
                                        Lives:  0   Deaths: 2

rFire    + . .     SeeInvis +     - Unarmed
rCold    . . .     Gourm    .   (shield unavailable)
rNeg     . . .     Faith    .   (armour unavailable)
rPois    .         Spirit   .   (helmet unavailable)
rElec    .         Reflect  .   (cloak unavailable)
rCorr    .         Harm     .   (gloves unavailable)
MR       ++++.                  (boots unavailable)
Stlth    ..........             e - amulet of regeneration
Regen    1.6/turn               o - ring of protection from magic
MPRegen  0.2/turn               p - ring of protection from fire

@: berserking, regenerating, very quick
A: no armour, no weapons or thrown items, stealth, claws 1, fangs 3, see
invisible, carnivore 3, speed 1, shaggy fur 2, slow metabolism 1, sharp paws
a: Berserk, Trog's Hand, Brothers in Arms, Burn Spellbooks, Renounce Religion


You were on level 7 of the Dungeon.
You worshipped Trog.
Trog was greatly pleased with you.
You were very full.

You visited 1 branch of the dungeon, and saw 7 of its levels.

You collected 289 gold pieces.
You spent 123 gold pieces at shops.

Inventory:

Jewellery
 e - an amulet of regeneration (around neck)
 o - a ring of protection from magic (left paw)
 p - a ring of protection from fire (right paw)
Wands
 h - a wand of flame (22/48)
 n - a wand of iceblast (2/15)
 r - a wand of lightning (4/15)
 u - a wand of polymorph (14/24)
Scrolls
 b - 5 scrolls of identify
 i - 6 scrolls of remove curse
 l - 2 scrolls of fear
 t - a scroll of recharging
Potions
 c - a potion of haste {unknown}
 f - 5 potions of curing
 g - 4 potions of mutation {unknown}
 j - 2 potions of lignification {unknown}
 k - a potion of heal wounds {unknown}
 m - 2 potions of flight {unknown}
Books
 q - a book of Misfortune

   Spells                             Type                      Level
   a - Confusing Touch                Hexes                        1
   b - Confuse                        Hexes                        3
   c - Gell's Gravitas                Translocation                3
   d - Petrify                        Transmutation/Earth          4
   e - Metabolic Englaciation         Hexes/Ice                    5
   f - Yara's Violent Unravelling     Hexes/Transmutation          5
   Trog disapproves of the use of such an item.
Comestibles
 a - 4 meat rations
 d - 6 royal jellies
 s - 4 chunks of flesh


   Skills:
 * Level 5.2 Fighting
 + Level 4.5 Dodging
 - Level 10.3 Stealth
 - Level 10.2 Unarmed Combat


You had 7 spell levels left.
You didn't know any spells.

Dungeon Overview and Level Annotations

Branches:
Dungeon (7/15)
 Temple: D:4-7

Altars:
Okawaru
Qazlal
Uskayaw
Xom
Yredelemnul

Shops:
D:7 ?

Annotations:
D:7 Joseph


Innate Abilities, Weirdness & Mutations

You cannot wear armour.
You are incapable of wielding weapons or throwing items.
Your paws allow you to move quietly. (Stealth)
You have sharp claws.
You have razor-sharp teeth.
You have supernaturally acute eyesight. (SInv)
You are carnivorous and can eat meat at any time.
You cover ground quickly.
You are covered in thick fur. (AC +2)
You have a slow metabolism.
Your sharp claws are effective at attacking unaware monsters.


Message History

You scratch Joseph but do no damage. You bite Joseph.
Joseph is moderately wounded.
You scratch Joseph but do no damage.
Joseph is moderately wounded.
Joseph hits you with an uncursed quarterstaff!
You claw Joseph!
Joseph is heavily wounded.
Joseph hits you with an uncursed quarterstaff!
* * * LOW HITPOINT WARNING * * *
Your skin crawls.
You feel resistant to hostile enchantments.
Joseph hits you with an uncursed quarterstaff!
* * * LOW HITPOINT WARNING * * *
You closely miss Joseph.
Joseph is heavily wounded.
Unknown command.
A red film seems to cover your vision as you go berserk!
You feel yourself moving faster!
You feel mighty!
You feel a lot less full.
Joseph hits you with an uncursed quarterstaff!
You die...

.....#######
##.........# #..######.#
#..# #.# #.<# #.# ##..#
#.# # # ....# #.# .#.
###.# #.# #.# ....# #.#
#.# #####
##.####.#####.## ##
#..((...@@...... .##
#.#########.#### ..# #.#
..# #.# ..# #.# #.#
..##### #.# #.# ..#...#
#.# #.# ..###.# #.# #.#
.####.# #.# #.#
##....###.####### #.#
...#............###.####


You could see Joseph.

Vanquished Creatures
  A deep elf mage (D:6)
  A hungry ghost (D:7)
  Edmund (D:5)
  A water moccasin (D:6)
  An ice beast (D:3)
  An orc warrior (D:4)
  5 ogres
  A phantom (D:5)
  3 centaurs
  4 bullfrogs
  A crimson imp (D:7)
  A jelly (D:6)
  A bullfrog zombie (D:5)
  A quasit (D:5)
  3 orc priests (D:5)
  7 orc wizards
  An iguana (D:6)
  Natasha (thrice) (D:4)
  5 worker ants
  A worker ant zombie (D:6)
  10 adders
  2 shadow imps
  2 oozes
  An adder skeleton (D:6)
  2 worms
  2 dart slugs
  2 leopard geckos
  19 orcs
  8 giant cockroaches
  3 goblins
  4 hobgoblins
  11 jackals
  7 kobolds
  A quokka (D:4)
  A ball python (D:6)
  6 bats
  3 frilled lizards
  2 gnoll zombies (D:5)
  A jackal skeleton (D:5)
  A jackal zombie (D:5)
  A leopard gecko skeleton (D:4)
  9 rats
141 creatures vanquished.

Vanquished Creatures (others)
  An iguana (D:5)
  A leopard gecko (D:5)
  An orc (D:5)
3 creatures vanquished.

Grand Total: 144 creatures vanquished

Notes
Turn   | Place    | Note
-------+----------+-------------------------------------------
     0 | D:1      | hilaritas the Felid Berserker began the quest for the Orb.
     0 | D:1      | Reached XP level 1. HP: 10/10 MP: 2/2
   227 | D:1      | Reached XP level 2. HP: 9/14 MP: 3/3
   228 | D:1      | Reached skill level 1 in Stealth
   821 | D:2      | Found a hide-covered altar of Uskayaw.
   952 | D:2      | Reached XP level 3. HP: 12/17 MP: 4/4
  1057 | D:2      | Reached ** piety under Trog
  1932 | D:3      | Reached XP level 4. HP: 19/21 MP: 5/5
  2025 | D:3      | Noticed an ice beast
  2057 | D:3      | Killed an ice beast
  2057 | D:3      | Reached skill level 5 in Unarmed Combat
  2057 | D:3      | Reached XP level 5. HP: 20/24 MP: 6/6
  2540 | D:4      | Noticed an ogre
  2548 | D:4      | Killed an ogre
  2548 | D:4      | Gained mutation: You are covered in thick fur. (AC +2) [Felid growth]
  2548 | D:4      | Reached XP level 6. HP: 28/28 MP: 7/7
  2901 | D:4      | Noticed an orc warrior
  2918 | D:4      | Reached skill level 5 in Stealth
  2931 | D:4      | Killed an orc warrior
  2933 | D:4      | Reached *** piety under Trog
  2933 | D:4      | Reached XP level 7. HP: 30/31 MP: 8/8
  3040 | D:4      | Noticed Natasha
  3043 | D:4      | Killed Natasha
  3165 | D:4      | Noticed Natasha
  3178 | D:4      | Killed Natasha
  3284 | D:4      | Noticed Natasha
  3296 | D:4      | Killed Natasha
  3611 | D:5      | Entered Level 5 of the Dungeon
  3865 | D:5      | Noticed Edmund
  3870 | D:5      | Found a stormy altar of Qazlal.
  3884 | D:5      | Killed Edmund
  3884 | D:5      | Reached XP level 8. HP: 7/34 MP: 9/9
  4333 | D:5      | Found a shimmering altar of Xom.
  5015 | D:5      | Found a basalt altar of Yredelemnul.
  5193 | D:6      | Found an iron altar of Okawaru.
  5452 | D:6      | Slain by an ice beast
  5453 | D:6      | Reached XP level 7. HP: 0/31 MP: 8/8
  5510 | D:6      | Splashed by a jelly's acid
  5511 | D:6      | Reached XP level 6. HP: -6/28 MP: 7/7
  5524 | D:6      | Noticed a water moccasin
  5527 | D:6      | Killed a water moccasin
  5527 | D:6      | Reached XP level 7. HP: 31/31 MP: 8/8
  5840 | D:6      | Noticed a deep elf mage
  5844 | D:6      | Killed a deep elf mage
  5844 | D:6      | Reached **** piety under Trog
  5844 | D:6      | Reached skill level 10 in Stealth
  5844 | D:6      | Reached skill level 10 in Unarmed Combat
  5881 | D:7      | Noticed a hungry ghost
  5893 | D:7      | Killed a hungry ghost
  5893 | D:7      | Reached XP level 8. HP: 34/36 MP: 9/9
  5966 | D:7      | Found Iclil's Magic Scroll Emporium.
  6013 | D:7      | Bought a scroll of recharging for 123 gold pieces
  6030 | D:7      | Reached skill level 5 in Fighting
  6183 | D:7      | Noticed Joseph
  6197 | D:7      | Slain by Joseph

Skill      XL: |  1  2  3  4  5  6  7  8 |
---------------+-------------------------+-----
Stealth        | 2 3 4 5 10 9 | 10.3
Unarmed Combat | 4 5 6 10 9 | 10.2
Fighting       | 5 |  5.2
Dodging        | |  4.5

Action                   |  1- 3 |  4- 6 |  7- 9 || total
-------------------------+-------+-------+-------++-------
Melee: Unarmed           |   112 |    85 |   172 ||   369
       Bite              |     8 |     9 |    17 ||    34
       Punch             |       |     3 |     7 ||    10
Invok: Berserk           |     1 |     2 |     3 ||     6
       Trog's Hand       |       |     2 |     4 ||     6
Evoke: Wand              |       |       |     2 ||     2
  Use: Scroll            |       |     6 |     3 ||     9
       Potion            |       |       |     1 ||     1
 Stab: Sleeping          |     8 |     3 |    23 ||    34
       Distracted        |       |     1 |       ||     1
  Eat: Chunk             |    10 |     4 |    22 ||    36
Armor: Skin              |     3 |     1 |     5 ||     9
Dodge: Dodged            |    84 |    64 |   107 ||   255
